Edmonton Oilers vs Minnesota North Stars
Created - Tuesday, April 15, 2025 at 08:39
Goals
|
| Edmonton Oilers |
0 |
0 |
1 |
1 |
| Minnesota North Stars |
0 |
3 |
1 |
4 |
|
Shots
|
| Edmonton Oilers |
11 |
13 |
16 |
40 |
| Minnesota North Stars |
7 |
22 |
12 |
41 |
|
1st period
No Goal
Penalties :
Scott Mayfield (EDM) for Slashing (Minor) at 4:54, Neal Pionk (MNS) for Slashing (Minor) at 17:42
2nd period
1. Minnesota North Stars , Evgeni Malkin 16 (Jonas Brodin 7, Jack Hughes 37) at 6:43
2. Minnesota North Stars , Lawson Crouse 6 (Evan Rodrigues 5, Erik Cernak 9) at 9:01
3. Minnesota North Stars , Rasmus Dahlin 3 (Jack Hughes 38, Jonathan Marchessault 18) at 13:46 (PP)
Penalties :
Jacob Trouba (EDM) for Roughing (Minor) at 0:59, Corey Perry (EDM) for Hooking (Minor) at 3:13, Jeff Carter (EDM) for Boarding (Minor) at 13:32, Adrian Kempe (EDM) for Hooking (Minor) at 14:25
3rd period
4. Edmonton Oilers , Tanner Jeannot 1 (Dawson Mercer 12, Corey Perry 19) at 4:47
5. Minnesota North Stars , Evan Rodrigues 5 (Dylan DeMelo 13) at 11:07
Penalties :
Erik Cernak (MNS) for Holding (Minor) at 2:37
Goalie Stats
Juuse Saros (EDM), 37 saves from 41 shots - (0.902), L, 13-18-5, 60:00 minutes
Charlie Lindgren (MNS), 39 saves from 40 shots - (0.975), W, 17-7-1, 60:00 minutes
Players Stats for Edmonton Oilers
Player Name G A P +/- PIM S H SB GA TA FO MP PP MP PK MP
------------------------------------------------------------------------------------
Adrian Kempe 0 0 0 -1 2 1 0 0 1 0 3/4 20:02 2:03 3:00
Boone Jenner 0 0 0 -1 0 3 2 0 0 1 17/27 20:54 2:03 3:54
Brandon Carlo 0 0 0 -1 0 1 0 4 0 2 0/0 22:40 1:33 3:52
Brett Pesce 0 0 0 0 0 0 0 0 0 1 0/0 14:35 0:00 0:48
Brock Boeser 0 0 0 0 0 8 1 1 0 1 1/2 19:13 1:55 3:58
Corey Perry 0 1 1 0 2 2 1 1 2 0 0/0 12:50 0:00 1:14
David Perron 0 0 0 -1 0 4 1 0 1 0 1/3 20:54 1:59 4:03
David Savard 0 0 0 -1 0 1 4 1 1 0 0/0 23:59 2:25 4:37
Dawson Mercer 0 1 1 0 0 2 0 0 1 0 5/11 11:36 0:00 0:11
Derek Ryan 0 0 0 -1 0 1 0 1 0 0 0/0 8:01 0:00 0:00
Evan Bouchard 0 0 0 -1 0 1 2 2 1 1 0/0 23:33 2:25 4:18
Jacob Trouba 0 0 0 -1 2 1 3 0 0 1 0/0 21:32 1:33 2:45
Jake DeBrusk 0 0 0 0 0 4 0 0 0 1 0/1 15:18 1:55 0:00
Jeff Carter 0 0 0 0 2 1 1 0 0 0 8/16 14:54 1:55 0:00
Morgan Barron 0 0 0 -1 0 1 1 1 0 2 0/0 8:13 0:04 0:00
Ryan McLeod 0 0 0 -1 0 2 0 0 1 0 3/3 8:01 0:00 0:00
Scott Mayfield 0 0 0 0 2 1 0 2 0 2 0/0 14:05 0:00 0:00
Tanner Jeannot 1 0 1 0 0 6 1 0 0 1 2/3 11:25 0:00 0:00
Players Stats for Minnesota North Stars
Player Name G A P +/- PIM S H SB GA TA FO MP PP MP PK MP
------------------------------------------------------------------------------------
Alexander Kerfoot 0 0 0 1 0 1 1 1 1 0 0/0 14:41 0:00 2:03
Brock Nelson 0 0 0 0 0 3 0 0 1 0 8/16 13:25 0:02 0:00
Dylan DeMelo 0 1 1 2 0 0 3 2 1 1 0/0 17:47 0:00 1:55
Erik Cernak 0 1 1 1 2 0 1 0 0 1 0/0 15:36 0:00 0:21
Evan Rodrigues 1 1 2 2 0 3 0 1 0 0 1/3 8:22 0:00 0:00
Evgeni Malkin 1 0 1 1 0 6 1 0 2 1 11/23 17:10 4:27 0:06
Frank Vatrano 0 0 0 -1 0 4 1 2 0 0 0/3 18:02 4:27 0:00
Gustav Forsling 0 0 0 -1 0 0 2 2 0 2 0/0 23:06 4:28 2:28
Ivan Barbashev 0 0 0 2 0 3 0 1 0 0 0/0 8:22 0:00 0:00
Jack Hughes 0 2 2 1 0 3 0 0 1 0 1/1 16:28 3:43 0:00
Jonas Brodin 0 1 1 1 0 1 0 1 0 0 0/0 22:13 3:42 1:53
Jonathan Marchessault 0 1 1 0 0 2 0 0 2 0 0/2 16:59 3:41 0:06
Lawson Crouse 1 0 1 2 0 2 2 0 0 0 0/0 10:11 0:00 1:49
Neal Pionk 0 0 0 0 2 2 2 0 0 0 0/0 20:36 4:28 0:10
Rasmus Dahlin 1 0 1 1 0 2 1 0 1 1 0/0 20:41 3:42 1:09
Ryan Nugent-Hopkins 0 0 0 0 0 1 0 0 2 1 0/0 15:20 0:02 2:03
Valeri Nichushkin 0 0 0 -1 0 6 2 0 2 0 0/0 18:02 4:27 0:00
William Karlsson 0 0 0 -1 0 2 0 1 0 1 9/22 18:59 3:41 1:49
3 Stars
1 - Charlie Lindgren (MNS)
2 - Evan Rodrigues (MNS)
3 - Lawson Crouse (MNS)
Power Play
Edmonton Oilers - 0 on 2 Attempt(s) - 0.00%
Minnesota North Stars - 1 on 5 Attempt(s) - 20.00%
Penalty Kill
Edmonton Oilers - 4 on 5 Attempt(s) - 80.00%
- Score 0 goal in Penalty Kill
Minnesota North Stars - 2 on 2 Attempt(s) - 100.00%
- Score 0 goal in Penalty Kill
Team Stat
Edmonton Oilers - Hits : 17 - Faceoff Wins : 40 - Blocked Shots : 13 - Penalty Minutes : 10
Minnesota North Stars - Hits : 16 - Faceoff Wins : 30 - Blocked Shots : 11 - Penalty Minutes : 4
Official
Referees : Jon Mcisaac and Morgan Macphee
Linesman : Michel Cormier and James Tobias
Game Notes
0:56 of 2nd period - Minnesota North Stars goal is going for a video replay. After video review, No Goal. The puck has been directed, batted or thrown into the net by an attacking player other than with a stick.
Finance
Level 1 -- Attendance: 5050 (84.17%) -- Ticket Income $505,000
Level 2 -- Attendance: 3503 (70.06%) -- Ticket Income $210,180
Level 3 -- Attendance: 2253 (75.10%) -- Ticket Income $78,855
Level 4 -- Attendance: 3774 (75.48%) -- Ticket Income $94,350
Luxury Box -- Attendance: 760 (76.00%) -- Ticket Income $152,000
Game was played at the Met Center.
Total Attendance: 15340 (76.70%)
Total Ticket Income: $1,040,385
Other Income: $364,135
Total Income: $1,404,520
Edmonton Oilers
5 vs 5 Forward
Center Left Wing Right Wing Time % Phy DF OF
1 Boone Jenner David Perron Adrian Kempe 30 1 2 2
2 Jeff Carter Jake DeBrusk Brock Boeser 30 1 2 2
3 Dawson Mercer Tanner Jeannot Corey Perry 25 1 2 2
4 Ryan McLeod Morgan Barron Derek Ryan 15 1 2 2
5 vs 5 Defense
Defense Defense Time % Phy DF OF
1 Brandon Carlo Jacob Trouba 35 1 2 2
2 David Savard Evan Bouchard 35 1 2 2
3 Scott Mayfield Brett Pesce 30 1 2 2
4 Brandon Carlo Jacob Trouba 0 1 2 2
PowerPlay Forward
Center Left Wing Right Wing Time % Phy DF OF
1 Boone Jenner David Perron Adrian Kempe 50 1 2 2
2 Jeff Carter Jake DeBrusk Brock Boeser 50 1 2 2
PowerPlay Defense
Defense Defense Time % Phy DF OF
1 Brandon Carlo Jacob Trouba 50 1 2 2
2 David Savard Evan Bouchard 50 1 2 2
Penalty Kill 4 Players Forward
Center Wing Time % Phy DF OF
1 Adrian Kempe Brock Boeser 50 1 2 2
2 Boone Jenner David Perron 50 1 2 2
Penalty Kill 4 Players Defense
Defense Defense Time % Phy DF OF
1 Brandon Carlo Jacob Trouba 50 1 2 2
2 David Savard Evan Bouchard 50 1 2 2
Penalty Kill - 3 Players Forward
Forward Time % Phy DF OF
1 Adrian Kempe 50 1 2 2
2 Brock Boeser 50 1 2 2
Penalty Kill - 3 Players Defense
Defense Defense Time % Phy DF OF
1 Brandon Carlo Jacob Trouba 50 1 2 2
2 David Savard Evan Bouchard 50 1 2 2
4 vs 4 Forward
Center Wing Time % Phy DF OF
1 Adrian Kempe Brock Boeser 50 1 2 2
2 Boone Jenner David Perron 50 1 2 2
4 vs 4 Defense
Defense Defense Time % Phy DF OF
1 Brandon Carlo Jacob Trouba 50 1 2 2
2 David Savard Evan Bouchard 50 1 2 2
Last Minutes Offensive
Center Left Wing Right Wing Defense Defense
Boone Jenner David Perron Adrian Kempe Brandon Carlo Jacob Trouba
Last Minutes Defensive
Center Left Wing Right Wing Defense Defense
Boone Jenner David Perron Adrian Kempe Brandon Carlo Jacob Trouba
Goaltenders
Starting : Juuse Saros
Backup : Jonathan Quick
Extra Forwards
Normal : Morgan Barron, Dawson Mercer, Corey Perry - PP : Morgan Barron, Dawson Mercer - PK : Corey Perry
Extra Defensemen
Normal : Scott Mayfield, Brett Pesce, David Savard - PP : Scott Mayfield - PK : Brett Pesce, David Savard
Penalty Shots
Adrian Kempe, Brock Boeser, Boone Jenner, David Perron, Jake DeBrusk
Scratches
Troy Stecher (Healthy), Joey Anderson (Healthy), Rasmus Ristolainen (Healthy), Julien Gauthier (Healthy), Dylan Holloway (Healthy)
Minnesota North Stars
5 vs 5 Forward
Center Left Wing Right Wing Time % Phy DF OF
1 William Karlsson Valeri Nichushkin Frank Vatrano 29 0 2 3
2 Evgeni Malkin Jack Hughes Alexander Kerfoot 28 0 2 3
3 Brock Nelson Ryan Nugent-Hopkins Jonathan Marchessault 28 0 2 3
4 Evan Rodrigues Lawson Crouse Ivan Barbashev 15 0 2 3
5 vs 5 Defense
Defense Defense Time % Phy DF OF
1 Rasmus Dahlin Erik Cernak 34 0 3 2
2 Gustav Forsling Neal Pionk 33 0 3 2
3 Jonas Brodin Dylan DeMelo 33 0 3 2
4 Rasmus Dahlin Neal Pionk 0 1 2 2
PowerPlay Forward
Center Left Wing Right Wing Time % Phy DF OF
1 Evgeni Malkin Valeri Nichushkin Frank Vatrano 50 0 0 5
2 William Karlsson Jack Hughes Jonathan Marchessault 50 0 0 5
PowerPlay Defense
Defense Defense Time % Phy DF OF
1 Rasmus Dahlin Jonas Brodin 50 0 2 3
2 Gustav Forsling Neal Pionk 50 0 2 3
Penalty Kill 4 Players Forward
Center Wing Time % Phy DF OF
1 William Karlsson Lawson Crouse 50 0 5 0
2 Alexander Kerfoot Ryan Nugent-Hopkins 50 0 5 0
Penalty Kill 4 Players Defense
Defense Defense Time % Phy DF OF
1 Erik Cernak Dylan DeMelo 50 0 5 0
2 Jonas Brodin Gustav Forsling 50 0 5 0
Penalty Kill - 3 Players Forward
Forward Time % Phy DF OF
1 William Karlsson 50 0 5 0
2 Alexander Kerfoot 50 0 5 0
Penalty Kill - 3 Players Defense
Defense Defense Time % Phy DF OF
1 Erik Cernak Dylan DeMelo 50 0 5 0
2 Jonas Brodin Gustav Forsling 50 0 5 0
4 vs 4 Forward
Center Wing Time % Phy DF OF
1 William Karlsson Valeri Nichushkin 50 0 2 3
2 Evgeni Malkin Jack Hughes 50 0 1 4
4 vs 4 Defense
Defense Defense Time % Phy DF OF
1 Rasmus Dahlin Jonas Brodin 50 1 2 2
2 Gustav Forsling Neal Pionk 50 0 3 2
Last Minutes Offensive
Center Left Wing Right Wing Defense Defense
William Karlsson Valeri Nichushkin Frank Vatrano Rasmus Dahlin Neal Pionk
Last Minutes Defensive
Center Left Wing Right Wing Defense Defense
William Karlsson Lawson Crouse Frank Vatrano Erik Cernak Gustav Forsling
Goaltenders
Starting : Charlie Lindgren
Backup : Logan Thompson
Extra Forwards
Normal : Brock Nelson, Ryan Nugent-Hopkins, Alexander Kerfoot - PP : Brock Nelson, Ryan Nugent-Hopkins - PK : Alexander Kerfoot
Extra Defensemen
Normal : Jonas Brodin, Dylan DeMelo, Gustav Forsling - PP : Jonas Brodin - PK : Dylan DeMelo, Gustav Forsling
Penalty Shots
Valeri Nichushkin, William Karlsson, Evgeni Malkin, Jack Hughes, Brock Nelson
Scratches
Michael Rasmussen (Healthy), Cam York (Healthy), Matt Roy (Healthy)
% Time on Ice - Edmonton Oilers
Lines # - Real PCT - Wanted PCT - Time Play
Normal Forward
1 - 30% - 30% - 14:20
2 - 29% - 30% - 14:06
3 - 24% - 25% - 11:25
4 - 17% - 15% - 8:01
Normal Defense
1 - 36% - 35% - 17:15
2 - 35% - 35% - 16:50
3 - 29% - 30% - 13:47
4 - 0% - 0% - 0:00
PP Forward
1 - 52% - 50% - 2:03
2 - 48% - 50% - 1:55
PP Defense
1 - 39% - 50% - 1:33
2 - 61% - 50% - 2:25
PK Forward
1 - 50% - 50% - 4:04
2 - 50% - 50% - 4:06
PK Defense
1 - 47% - 50% - 3:52
2 - 53% - 50% - 4:18
PK3 Forward
1 - 0% - 50%
2 - 0% - 50%
PK3 Defense
1 - 0% - 50%
2 - 0% - 50%
44 Forward
1 - 0% - 50%
2 - 0% - 50%
44 Defense
1 - 0% - 50%
2 - 0% - 50%
Last Minute Offensive - 0:00
Last Minute Defensive - 0:00
Total
Forward - 60:00
Defense - 60:00
|
% Time on Ice - Minnesota North Stars
Lines # - Real PCT - Wanted PCT - Time Play
Normal Forward
1 - 28% - 29% - 13:35
2 - 27% - 28% - 12:46
3 - 27% - 28% - 13:09
4 - 17% - 15% - 8:22
Normal Defense
1 - 34% - 34% - 16:08
2 - 34% - 33% - 16:10
3 - 33% - 33% - 15:34
4 - 0% - 0% - 0:00
PP Forward
1 - 54% - 50% - 4:27
2 - 46% - 50% - 3:43
PP Defense
1 - 45% - 50% - 3:42
2 - 55% - 50% - 4:28
PK Forward
1 - 46% - 50% - 1:49
2 - 54% - 50% - 2:09
PK Defense
1 - 53% - 50% - 2:05
2 - 47% - 50% - 1:53
PK3 Forward
1 - 0% - 50%
2 - 0% - 50%
PK3 Defense
1 - 0% - 50%
2 - 0% - 50%
44 Forward
1 - 0% - 50%
2 - 0% - 50%
44 Defense
1 - 0% - 50%
2 - 0% - 50%
Last Minute Offensive - 0:00
Last Minute Defensive - 0:00
Total
Forward - 60:00
Defense - 60:00
|
Play-by-Play
1st period
0:01 of 1st period - Boone Jenner wins face-off versus William Karlsson in neutral zone.
0:10 of 1st period - Snap shot by Boone Jenner.
0:10 of 1st period - Stopped by Charlie Lindgren without a rebound.
0:11 of 1st period - Evgeni Malkin wins face-off versus Jeff Carter in Minnesota North Stars zone.
0:38 of 1st period - Neal Pionk is hit by Evan Bouchard and loses puck.
1:10 of 1st period - Off-side.
1:11 of 1st period - Boone Jenner wins face-off versus William Karlsson in neutral zone.
1:26 of 1st period - Wrist shot by Valeri Nichushkin.
1:26 of 1st period - Stopped by Juuse Saros without a rebound.
1:27 of 1st period - Evgeni Malkin wins face-off versus Jeff Carter in Edmonton Oilers zone.
2:00 of 1st period - Snap shot by Jack Hughes.
2:00 of 1st period - Shot Misses the Net.
2:39 of 1st period - Jacob Trouba is hit by Evgeni Malkin and loses puck.
3:00 of 1st period - Wrist shot by Jake DeBrusk.
3:00 of 1st period - Shot Misses the Net.
3:16 of 1st period - Wrist shot by Brock Boeser.
3:16 of 1st period - Stopped by Charlie Lindgren with a rebound.
3:48 of 1st period - Snap shot by Lawson Crouse.
3:48 of 1st period - Shot Misses the Net.
4:32 of 1st period - Wrist shot by Frank Vatrano.
4:32 of 1st period - Stopped by Juuse Saros without a rebound.
4:33 of 1st period - Evan Rodrigues wins face-off versus David Perron in Edmonton Oilers zone.
4:34 of 1st period - Snap shot by Ivan Barbashev.
4:34 of 1st period - Shot Hit the Post.
4:48 of 1st period - Snap shot by Lawson Crouse.
4:48 of 1st period - Stopped by Juuse Saros with a rebound.
4:54 of 1st period - Minor Penalty to Scott Mayfield for Slashing.
4:55 of 1st period - Evgeni Malkin wins face-off versus Adrian Kempe in Edmonton Oilers zone.
6:06 of 1st period - Jacob Trouba is hit by Frank Vatrano and loses puck.
6:54 of 1st period - Penalty to Scott Mayfield is over, Scott Mayfield is back on ice.
7:25 of 1st period - David Savard is hit by Dylan DeMelo and loses puck.
7:34 of 1st period - Slapshot by Ryan McLeod.
7:34 of 1st period - Shot Blocked by Evan Rodrigues.
8:39 of 1st period - Frank Vatrano is hit by David Savard and loses puck.
9:00 of 1st period - Jake DeBrusk is hit by Neal Pionk and loses puck.
9:30 of 1st period - Slapshot by Evan Rodrigues.
9:30 of 1st period - Stopped by Juuse Saros with a rebound.
10:31 of 1st period - Snap shot by Ryan McLeod.
10:31 of 1st period - Shot Misses the Net.
10:33 of 1st period - Wrist shot by Brandon Carlo.
10:33 of 1st period - Shot Blocked by Ivan Barbashev.
10:35 of 1st period - Slapshot by Jacob Trouba.
10:35 of 1st period - Stopped by Charlie Lindgren without a rebound.
10:36 of 1st period - William Karlsson wins face-off versus Boone Jenner in Minnesota North Stars zone.
10:49 of 1st period - Snap shot by Valeri Nichushkin.
10:49 of 1st period - Stopped by Juuse Saros with a rebound.
10:51 of 1st period - Snap shot by Valeri Nichushkin.
10:51 of 1st period - Deflect By William Karlsson.
10:51 of 1st period - Shot Misses the Net.
10:51 of 1st period - Puck is out of play.
10:52 of 1st period - Brock Nelson wins face-off versus Dawson Mercer in Edmonton Oilers zone.
11:02 of 1st period - Slapshot by Jonas Brodin.
11:02 of 1st period - Shot Misses the Net.
11:04 of 1st period - Snap shot by Jonathan Marchessault.
11:04 of 1st period - Stopped by Juuse Saros without a rebound.
11:05 of 1st period - David Perron wins face-off versus William Karlsson in Edmonton Oilers zone.
11:20 of 1st period - Snap shot by Valeri Nichushkin.
11:20 of 1st period - Shot Blocked by Scott Mayfield.
11:22 of 1st period - Slapshot by Neal Pionk.
11:22 of 1st period - Stopped by Juuse Saros without a rebound.
11:23 of 1st period - Jeff Carter wins face-off versus Brock Nelson in Edmonton Oilers zone.
11:32 of 1st period - Snap shot by Brock Boeser.
11:32 of 1st period - Stopped by Charlie Lindgren with a rebound.
11:54 of 1st period - Icing by Jonas Brodin.
11:55 of 1st period - Boone Jenner wins face-off versus William Karlsson in Minnesota North Stars zone.
11:56 of 1st period - Slapshot by Adrian Kempe.
11:56 of 1st period - Stopped by Charlie Lindgren without a rebound.
11:57 of 1st period - William Karlsson wins face-off versus Boone Jenner in Minnesota North Stars zone.
13:21 of 1st period - Wrist shot by Brock Boeser.
13:21 of 1st period - Shot Misses the Net.
13:23 of 1st period - Snap shot by Jake DeBrusk.
13:23 of 1st period - Stopped by Charlie Lindgren with a rebound.
13:30 of 1st period - Snap shot by Jeff Carter.
13:30 of 1st period - Stopped by Charlie Lindgren with a rebound.
13:32 of 1st period - Wrist shot by Jake DeBrusk.
13:32 of 1st period - Stopped by Charlie Lindgren without a rebound.
13:33 of 1st period - Tanner Jeannot wins face-off versus Evgeni Malkin in Minnesota North Stars zone.
13:38 of 1st period - Backhand shot by Dawson Mercer.
13:38 of 1st period - Shot Misses the Net.
13:40 of 1st period - Slapshot by Dawson Mercer.
13:40 of 1st period - Shot Misses the Net.
13:42 of 1st period - Snap shot by Tanner Jeannot.
13:42 of 1st period - Stopped by Charlie Lindgren with a rebound.
13:44 of 1st period - Slapshot by Brandon Carlo.
13:44 of 1st period - Deflect By Corey Perry.
13:44 of 1st period - Shot Blocked by Alexander Kerfoot.
13:44 of 1st period - Puck is out of play.
13:45 of 1st period - Boone Jenner wins face-off versus William Karlsson in Minnesota North Stars zone.
14:28 of 1st period - Wrist shot by Brock Nelson.
14:28 of 1st period - Shot Blocked by Brandon Carlo.
14:50 of 1st period - Neal Pionk is hit by Jacob Trouba and loses puck.
15:09 of 1st period - Snap shot by Valeri Nichushkin.
15:09 of 1st period - Shot Misses the Net.
15:33 of 1st period - Slapshot by Evgeni Malkin.
15:33 of 1st period - Shot Blocked by Evan Bouchard.
15:51 of 1st period - Icing by Morgan Barron.
15:52 of 1st period - Ryan McLeod wins face-off versus William Karlsson in Edmonton Oilers zone.
16:01 of 1st period - Ryan McLeod is hit by Rasmus Dahlin and loses puck.
17:13 of 1st period - Slapshot by Brock Boeser.
17:13 of 1st period - Stopped by Charlie Lindgren with a rebound.
17:29 of 1st period - Wrist shot by Evan Rodrigues.
17:29 of 1st period - Shot Blocked by Derek Ryan.
17:42 of 1st period - Minor Penalty to Neal Pionk for Slashing.
17:43 of 1st period - William Karlsson wins face-off versus Boone Jenner in Minnesota North Stars zone.
18:18 of 1st period - Snap shot by Jake DeBrusk.
18:18 of 1st period - Stopped by Charlie Lindgren with a rebound.
19:42 of 1st period - Penalty to Neal Pionk is over, Neal Pionk is back on ice.
Goals for this period are 0 for Edmonton Oilers vs 0 for Minnesota North Stars.
Shots for this period are 11 for Edmonton Oilers vs 7 for Minnesota North Stars.
2nd period
0:01 of 2nd period - Evgeni Malkin wins face-off versus Boone Jenner in neutral zone.
0:08 of 2nd period - Snap shot by Alexander Kerfoot.
0:08 of 2nd period - Shot Misses the Net.
0:30 of 2nd period - Wrist shot by Brock Nelson.
0:30 of 2nd period - Shot Blocked by Corey Perry.
0:54 of 2nd period - Wrist shot by Valeri Nichushkin.
0:54 of 2nd period - Shot Blocked by Brandon Carlo.
0:56 of 2nd period - Wrist shot by Valeri Nichushkin.
0:56 of 2nd period - Minnesota North Stars goal is going for a video replay.
0:56 of 2nd period - The goal is refused. The puck has been directed, batted or thrown into the net by an attacking player other than with a stick..
0:57 of 2nd period - Boone Jenner wins face-off versus Evgeni Malkin in Edmonton Oilers zone.
0:59 of 2nd period - Minor Penalty to Jacob Trouba for Roughing.
1:00 of 2nd period - Adrian Kempe wins face-off versus William Karlsson in Edmonton Oilers zone.
2:59 of 2nd period - Penalty to Jacob Trouba is over, Jacob Trouba is back on ice.
3:13 of 2nd period - Minor Penalty to Corey Perry for Hooking.
3:14 of 2nd period - Evgeni Malkin wins face-off versus Boone Jenner in Edmonton Oilers zone.
3:15 of 2nd period - Snap shot by Valeri Nichushkin.
3:15 of 2nd period - Stopped by Juuse Saros without a rebound.
3:16 of 2nd period - Boone Jenner wins face-off versus Evgeni Malkin in Edmonton Oilers zone.
3:27 of 2nd period - Evgeni Malkin is hit by David Savard.
3:30 of 2nd period - Off-side.
3:31 of 2nd period - Boone Jenner wins face-off versus William Karlsson in neutral zone.
3:34 of 2nd period - Jonas Brodin is hit by David Perron.
3:46 of 2nd period - Slapshot by Jack Hughes.
3:46 of 2nd period - Stopped by Juuse Saros without a rebound.
3:47 of 2nd period - Adrian Kempe wins face-off versus Evgeni Malkin in Edmonton Oilers zone.
3:58 of 2nd period - Slapshot by Neal Pionk.
3:58 of 2nd period - Shot Blocked by David Savard.
5:13 of 2nd period - Penalty to Corey Perry is over, Corey Perry is back on ice.
5:24 of 2nd period - Tanner Jeannot is hit by Lawson Crouse and loses puck.
5:29 of 2nd period - Snap shot by Ivan Barbashev.
5:29 of 2nd period - Stopped by Juuse Saros with a rebound.
5:39 of 2nd period - Dylan DeMelo is hit by Morgan Barron and loses puck.
5:44 of 2nd period - Snap shot by Ryan McLeod.
5:44 of 2nd period - Stopped by Charlie Lindgren without a rebound.
5:45 of 2nd period - Ryan McLeod wins face-off versus Evgeni Malkin in Minnesota North Stars zone.
5:58 of 2nd period - Snap shot by Jack Hughes.
5:58 of 2nd period - Shot Misses the Net.
6:00 of 2nd period - Wrist shot by Evgeni Malkin.
6:00 of 2nd period - Deflect By Alexander Kerfoot.
6:00 of 2nd period - Shot Blocked by Morgan Barron.
6:00 of 2nd period - Puck is out of play.
6:01 of 2nd period - Boone Jenner wins face-off versus William Karlsson in Edmonton Oilers zone.
6:37 of 2nd period - Snap shot by Evgeni Malkin.
6:37 of 2nd period - Shot Misses the Net.
6:39 of 2nd period - Wrist shot by Evgeni Malkin.
6:39 of 2nd period - Stopped by Juuse Saros with a rebound.
6:43 of 2nd period - Wrist shot by Evgeni Malkin.
6:43 of 2nd period - Goal by Evgeni Malkin - Edmonton Oilers : 0 - Minnesota North Stars : 1.
6:44 of 2nd period - William Karlsson wins face-off versus Jake DeBrusk in neutral zone.
6:47 of 2nd period - Slapshot by Neal Pionk.
6:47 of 2nd period - Shot Blocked by Brock Boeser.
6:49 of 2nd period - Backhand shot by Neal Pionk.
6:49 of 2nd period - Shot Misses the Net.
6:51 of 2nd period - Slapshot by Neal Pionk.
6:51 of 2nd period - Stopped by Juuse Saros without a rebound.
6:52 of 2nd period - Jeff Carter wins face-off versus William Karlsson in Edmonton Oilers zone.
7:20 of 2nd period - Jeff Carter is hit by Valeri Nichushkin and loses puck.
7:31 of 2nd period - Wrist shot by Brock Boeser.
7:31 of 2nd period - Shot Blocked by Gustav Forsling.
8:01 of 2nd period - Snap shot by Jake DeBrusk.
8:01 of 2nd period - Shot Misses the Net.
8:13 of 2nd period - Slapshot by Frank Vatrano.
8:13 of 2nd period - Stopped by Juuse Saros without a rebound.
8:14 of 2nd period - Boone Jenner wins face-off versus Jonathan Marchessault in Edmonton Oilers zone.
8:25 of 2nd period - Brock Nelson is hit by Boone Jenner and loses puck.
8:42 of 2nd period - Wrist shot by Ivan Barbashev.
8:42 of 2nd period - Stopped by Juuse Saros with a rebound.
8:44 of 2nd period - Slapshot by Evan Rodrigues.
8:44 of 2nd period - Stopped by Juuse Saros without a rebound.
8:45 of 2nd period - Dawson Mercer wins face-off versus Evan Rodrigues in Edmonton Oilers zone.
8:45 of 2nd period - Dawson Mercer is hit by Lawson Crouse.
8:53 of 2nd period - Slapshot by Dawson Mercer.
8:53 of 2nd period - Stopped by Charlie Lindgren with a rebound.
9:01 of 2nd period - Snap shot by Lawson Crouse.
9:01 of 2nd period - Goal by Lawson Crouse - Edmonton Oilers : 0 - Minnesota North Stars : 2.
9:02 of 2nd period - Boone Jenner wins face-off versus Jonathan Marchessault in neutral zone.
9:16 of 2nd period - Jonathan Marchessault is hit by Jacob Trouba and loses puck.
9:29 of 2nd period - Dawson Mercer is hit by Alexander Kerfoot and loses puck.
10:23 of 2nd period - Snap shot by Morgan Barron.
10:23 of 2nd period - Stopped by Charlie Lindgren without a rebound.
10:24 of 2nd period - Jack Hughes wins face-off versus Boone Jenner in Minnesota North Stars zone.
10:31 of 2nd period - Slapshot by Evgeni Malkin.
10:31 of 2nd period - Stopped by Juuse Saros with a rebound.
10:33 of 2nd period - Snap shot by Jack Hughes.
10:33 of 2nd period - Stopped by Juuse Saros without a rebound.
10:34 of 2nd period - Adrian Kempe wins face-off versus Evgeni Malkin in Edmonton Oilers zone.
11:15 of 2nd period - Slapshot by Jack Hughes.
11:15 of 2nd period - Deflect By Evgeni Malkin.
11:15 of 2nd period - Shot Misses the Net.
11:15 of 2nd period - Puck is out of play.
11:16 of 2nd period - Brock Nelson wins face-off versus Dawson Mercer in Edmonton Oilers zone.
11:17 of 2nd period - Slapshot by Ryan Nugent-Hopkins.
11:17 of 2nd period - Stopped by Juuse Saros without a rebound.
11:18 of 2nd period - Brock Nelson wins face-off versus Dawson Mercer in Edmonton Oilers zone.
11:25 of 2nd period - Snap shot by Jonathan Marchessault.
11:25 of 2nd period - Stopped by Juuse Saros without a rebound.
11:26 of 2nd period - Brock Nelson wins face-off versus Tanner Jeannot in Edmonton Oilers zone.
11:31 of 2nd period - Snap shot by Brock Nelson.
11:31 of 2nd period - Stopped by Juuse Saros with a rebound.
11:41 of 2nd period - Slapshot by Evan Bouchard.
11:41 of 2nd period - Shot Misses the Net.
11:43 of 2nd period - Wrist shot by Corey Perry.
11:43 of 2nd period - Stopped by Charlie Lindgren with a rebound.
11:45 of 2nd period - Wrist shot by Tanner Jeannot.
11:45 of 2nd period - Stopped by Charlie Lindgren with a rebound.
11:47 of 2nd period - Snap shot by Corey Perry.
11:47 of 2nd period - Deflect By Tanner Jeannot.
11:47 of 2nd period - Stopped by Charlie Lindgren without a rebound.
11:48 of 2nd period - Evgeni Malkin wins face-off versus Jeff Carter in Minnesota North Stars zone.
11:59 of 2nd period - Snap shot by Brock Boeser.
11:59 of 2nd period - Stopped by Charlie Lindgren with a rebound.
12:01 of 2nd period - Wrist shot by Scott Mayfield.
12:01 of 2nd period - Shot Blocked by Dylan DeMelo.
12:03 of 2nd period - Slapshot by Scott Mayfield.
12:03 of 2nd period - Shot Blocked by Dylan DeMelo.
12:18 of 2nd period - Wrist shot by Dawson Mercer.
12:18 of 2nd period - Stopped by Charlie Lindgren without a rebound.
12:19 of 2nd period - Brock Nelson wins face-off versus Dawson Mercer in Minnesota North Stars zone.
12:33 of 2nd period - Off-side.
12:34 of 2nd period - Boone Jenner wins face-off versus William Karlsson in neutral zone.
12:51 of 2nd period - Snap shot by William Karlsson.
12:51 of 2nd period - Stopped by Juuse Saros with a rebound.
13:01 of 2nd period - David Savard is hit by Dylan DeMelo and loses puck.
13:10 of 2nd period - Wrist shot by Evgeni Malkin.
13:10 of 2nd period - Stopped by Juuse Saros without a rebound.
13:11 of 2nd period - Jeff Carter wins face-off versus Brock Nelson in Edmonton Oilers zone.
13:22 of 2nd period - Brock Nelson is hit by Jacob Trouba and loses puck.
13:32 of 2nd period - Minor Penalty to Jeff Carter for Boarding.
13:33 of 2nd period - William Karlsson wins face-off versus Brock Boeser in Edmonton Oilers zone.
13:42 of 2nd period - Snap shot by Jonathan Marchessault.
13:42 of 2nd period - Shot Hit the Post.
13:44 of 2nd period - Snap shot by Jack Hughes.
13:44 of 2nd period - Shot Misses the Net.
13:46 of 2nd period - Slapshot by Rasmus Dahlin.
13:46 of 2nd period - Goal by Rasmus Dahlin - Edmonton Oilers : 0 - Minnesota North Stars : 3.
13:47 of 2nd period - Jeff Carter wins face-off versus Brock Nelson in neutral zone.
14:25 of 2nd period - Minor Penalty to Adrian Kempe for Hooking.
14:26 of 2nd period - Evgeni Malkin wins face-off versus David Perron in Edmonton Oilers zone.
14:28 of 2nd period - Backhand shot by Frank Vatrano.
14:28 of 2nd period - Stopped by Juuse Saros without a rebound.
14:29 of 2nd period - Evgeni Malkin wins face-off versus Boone Jenner in Edmonton Oilers zone.
14:58 of 2nd period - Frank Vatrano is hit by David Savard.
15:04 of 2nd period - Evan Bouchard is hit by Neal Pionk and loses puck.
15:49 of 2nd period - Snap shot by David Perron.
15:49 of 2nd period - Deflect By Evgeni Malkin.
15:49 of 2nd period - Shot Misses the Net.
15:49 of 2nd period - Puck is out of play.
15:50 of 2nd period - Boone Jenner wins face-off versus William Karlsson in Minnesota North Stars zone.
16:21 of 2nd period - Wrist shot by David Perron.
16:21 of 2nd period - Shot Misses the Net.
16:25 of 2nd period - Penalty to Adrian Kempe is over, Adrian Kempe is back on ice.
16:43 of 2nd period - Wrist shot by David Perron.
16:43 of 2nd period - Shot Misses the Net.
16:45 of 2nd period - Snap shot by David Perron.
16:45 of 2nd period - Stopped by Charlie Lindgren with a rebound.
16:47 of 2nd period - Snap shot by Boone Jenner.
16:47 of 2nd period - Shot Blocked by Jonas Brodin.
16:56 of 2nd period - Snap shot by David Perron.
16:56 of 2nd period - Stopped by Charlie Lindgren with a rebound.
17:04 of 2nd period - Wrist shot by David Perron.
17:04 of 2nd period - Stopped by Charlie Lindgren without a rebound.
17:05 of 2nd period - Brock Nelson wins face-off versus Dawson Mercer in Minnesota North Stars zone.
17:36 of 2nd period - Jake DeBrusk is hit by Dylan DeMelo and loses puck.
17:54 of 2nd period - Slapshot by Brett Pesce.
17:54 of 2nd period - Deflect By Derek Ryan.
17:54 of 2nd period - Stopped by Charlie Lindgren with a rebound.
18:18 of 2nd period - Slapshot by Rasmus Dahlin.
18:18 of 2nd period - Deflect By Dawson Mercer.
18:18 of 2nd period - Stopped by Juuse Saros without a rebound.
18:19 of 2nd period - Jeff Carter wins face-off versus Brock Nelson in Edmonton Oilers zone.
18:24 of 2nd period - Gustav Forsling is hit by Evan Bouchard and loses puck.
19:12 of 2nd period - Adrian Kempe is hit by Valeri Nichushkin and loses puck.
19:23 of 2nd period - Snap shot by William Karlsson.
19:23 of 2nd period - Deflect By Frank Vatrano.
19:23 of 2nd period - Stopped by Juuse Saros with a rebound.
19:43 of 2nd period - Snap shot by Brock Boeser.
19:43 of 2nd period - Stopped by Charlie Lindgren with a rebound.
19:45 of 2nd period - Slapshot by Brandon Carlo.
19:45 of 2nd period - Shot Misses the Net.
Goals for this period are 0 for Edmonton Oilers vs 3 for Minnesota North Stars.
Shots for this period are 13 for Edmonton Oilers vs 22 for Minnesota North Stars.
3rd period
0:01 of 3rd period - Boone Jenner wins face-off versus Frank Vatrano in neutral zone.
0:04 of 3rd period - Slapshot by Brett Pesce.
0:04 of 3rd period - Shot Blocked by William Karlsson.
0:09 of 3rd period - Off-side.
0:10 of 3rd period - William Karlsson wins face-off versus Boone Jenner in neutral zone.
0:25 of 3rd period - Icing by William Karlsson.
0:26 of 3rd period - Tanner Jeannot wins face-off versus Frank Vatrano in Minnesota North Stars zone.
1:15 of 3rd period - Off-side.
1:16 of 3rd period - Brock Nelson wins face-off versus Jeff Carter in neutral zone.
1:45 of 3rd period - Snap shot by Brock Nelson.
1:45 of 3rd period - Stopped by Juuse Saros without a rebound.
1:46 of 3rd period - Evgeni Malkin wins face-off versus Boone Jenner in Edmonton Oilers zone.
2:37 of 3rd period - Minor Penalty to Erik Cernak for Holding.
2:38 of 3rd period - William Karlsson wins face-off versus Jeff Carter in Minnesota North Stars zone.
3:34 of 3rd period - Brandon Carlo is hit by Gustav Forsling and loses puck.
4:37 of 3rd period - Penalty to Erik Cernak is over, Erik Cernak is back on ice.
4:45 of 3rd period - Snap shot by Tanner Jeannot.
4:45 of 3rd period - Stopped by Charlie Lindgren with a rebound.
4:47 of 3rd period - Snap shot by Tanner Jeannot.
4:47 of 3rd period - Goal by Tanner Jeannot - Edmonton Oilers : 1 - Minnesota North Stars : 3.
4:48 of 3rd period - Dawson Mercer wins face-off versus Evan Rodrigues in neutral zone.
5:13 of 3rd period - Rasmus Dahlin is hit by Boone Jenner and loses puck.
5:40 of 3rd period - Dylan DeMelo is hit by Jeff Carter and loses puck.
5:59 of 3rd period - Snap shot by Evan Bouchard.
5:59 of 3rd period - Stopped by Charlie Lindgren with a rebound.
6:01 of 3rd period - Snap shot by Ryan McLeod.
6:01 of 3rd period - Stopped by Charlie Lindgren with a rebound.
6:03 of 3rd period - Wrist shot by David Savard.
6:03 of 3rd period - Stopped by Charlie Lindgren with a rebound.
6:21 of 3rd period - Wrist shot by Evan Rodrigues.
6:21 of 3rd period - Shot Misses the Net.
6:25 of 3rd period - Slapshot by Lawson Crouse.
6:25 of 3rd period - Shot Blocked by Scott Mayfield.
7:05 of 3rd period - Slapshot by William Karlsson.
7:05 of 3rd period - Stopped by Juuse Saros without a rebound.
7:06 of 3rd period - Jeff Carter wins face-off versus Evgeni Malkin in Edmonton Oilers zone.
7:11 of 3rd period - Jack Hughes is hit by David Savard and loses puck.
7:38 of 3rd period - Slapshot by Ivan Barbashev.
7:38 of 3rd period - Stopped by Juuse Saros with a rebound.
7:40 of 3rd period - Snap shot by Evan Rodrigues.
7:40 of 3rd period - Shot Misses the Net.
7:42 of 3rd period - Slapshot by Gustav Forsling.
7:42 of 3rd period - Shot Blocked by Evan Bouchard.
7:56 of 3rd period - Snap shot by Boone Jenner.
7:56 of 3rd period - Stopped by Charlie Lindgren without a rebound.
7:57 of 3rd period - Boone Jenner wins face-off versus Brock Nelson in Minnesota North Stars zone.
8:07 of 3rd period - Slapshot by David Perron.
8:07 of 3rd period - Shot Misses the Net.
8:09 of 3rd period - Slapshot by Brandon Carlo.
8:09 of 3rd period - Stopped by Charlie Lindgren with a rebound.
9:27 of 3rd period - Wrist shot by Brock Nelson.
9:27 of 3rd period - Stopped by Juuse Saros without a rebound.
9:28 of 3rd period - Dawson Mercer wins face-off versus Evgeni Malkin in Edmonton Oilers zone.
10:04 of 3rd period - Wrist shot by Valeri Nichushkin.
10:04 of 3rd period - Stopped by Juuse Saros with a rebound.
11:07 of 3rd period - Wrist shot by Evan Rodrigues.
11:07 of 3rd period - Goal by Evan Rodrigues - Edmonton Oilers : 1 - Minnesota North Stars : 4.
11:08 of 3rd period - Evgeni Malkin wins face-off versus Jeff Carter in neutral zone.
11:17 of 3rd period - Snap shot by Evgeni Malkin.
11:17 of 3rd period - Stopped by Juuse Saros without a rebound.
11:18 of 3rd period - Jeff Carter wins face-off versus Evgeni Malkin in Edmonton Oilers zone.
11:29 of 3rd period - Slapshot by Evgeni Malkin.
11:29 of 3rd period - Stopped by Juuse Saros without a rebound.
11:30 of 3rd period - Boone Jenner wins face-off versus Frank Vatrano in Edmonton Oilers zone.
12:01 of 3rd period - Snap shot by Brock Boeser.
12:01 of 3rd period - Stopped by Charlie Lindgren without a rebound.
12:02 of 3rd period - Evgeni Malkin wins face-off versus Jeff Carter in Minnesota North Stars zone.
12:02 of 3rd period - Evgeni Malkin is hit by Brock Boeser.
12:08 of 3rd period - Wrist shot by Alexander Kerfoot.
12:08 of 3rd period - Stopped by Juuse Saros without a rebound.
12:09 of 3rd period - Dawson Mercer wins face-off versus Evgeni Malkin in Edmonton Oilers zone.
13:21 of 3rd period - Snap shot by Evgeni Malkin.
13:21 of 3rd period - Shot Blocked by Brandon Carlo.
13:23 of 3rd period - Backhand shot by Jack Hughes.
13:23 of 3rd period - Stopped by Juuse Saros with a rebound.
13:25 of 3rd period - Snap shot by Evgeni Malkin.
13:25 of 3rd period - Shot Blocked by Brandon Carlo.
13:27 of 3rd period - Slapshot by Jonas Brodin.
13:27 of 3rd period - Shot Misses the Net.
13:29 of 3rd period - Backhand shot by Jonas Brodin.
13:29 of 3rd period - Shot Misses the Net.
13:31 of 3rd period - Slapshot by Jonas Brodin.
13:31 of 3rd period - Stopped by Juuse Saros without a rebound.
13:32 of 3rd period - William Karlsson wins face-off versus Dawson Mercer in Edmonton Oilers zone.
13:39 of 3rd period - Slapshot by Brett Pesce.
13:39 of 3rd period - Shot Blocked by Frank Vatrano.
13:41 of 3rd period - Wrist shot by Corey Perry.
13:41 of 3rd period - Shot Blocked by Gustav Forsling.
13:45 of 3rd period - Snap shot by Corey Perry.
13:45 of 3rd period - Stopped by Charlie Lindgren with a rebound.
13:47 of 3rd period - Slapshot by Scott Mayfield.
13:47 of 3rd period - Stopped by Charlie Lindgren without a rebound.
13:48 of 3rd period - Brock Boeser wins face-off versus Brock Nelson in Minnesota North Stars zone.
14:09 of 3rd period - Brett Pesce is hit by Erik Cernak.
14:27 of 3rd period - Slapshot by Valeri Nichushkin.
14:27 of 3rd period - Stopped by Juuse Saros without a rebound.
14:28 of 3rd period - William Karlsson wins face-off versus Boone Jenner in Edmonton Oilers zone.
14:43 of 3rd period - Snap shot by Adrian Kempe.
14:43 of 3rd period - Shot Misses the Net.
14:45 of 3rd period - Backhand shot by Boone Jenner.
14:45 of 3rd period - Stopped by Charlie Lindgren without a rebound.
14:46 of 3rd period - Jeff Carter wins face-off versus Brock Nelson in Minnesota North Stars zone.
14:49 of 3rd period - Slapshot by Jake DeBrusk.
14:49 of 3rd period - Shot Misses the Net.
14:59 of 3rd period - Snap shot by Jake DeBrusk.
14:59 of 3rd period - Stopped by Charlie Lindgren with a rebound.
15:13 of 3rd period - Frank Vatrano is hit by Corey Perry and loses puck.
15:22 of 3rd period - Slapshot by Tanner Jeannot.
15:22 of 3rd period - Stopped by Charlie Lindgren without a rebound.
15:23 of 3rd period - Boone Jenner wins face-off versus Evgeni Malkin in Minnesota North Stars zone.
15:38 of 3rd period - Slapshot by David Perron.
15:38 of 3rd period - Stopped by Charlie Lindgren without a rebound.
15:39 of 3rd period - Dawson Mercer wins face-off versus William Karlsson in Minnesota North Stars zone.
16:06 of 3rd period - Adrian Kempe is hit by Gustav Forsling and loses puck.
16:18 of 3rd period - Icing by Brandon Carlo.
16:19 of 3rd period - Boone Jenner wins face-off versus Evgeni Malkin in Edmonton Oilers zone.
16:49 of 3rd period - Backhand shot by Brock Nelson.
16:49 of 3rd period - Deflect By Ryan Nugent-Hopkins.
16:49 of 3rd period - Shot Misses the Net.
16:49 of 3rd period - Puck is out of play.
16:50 of 3rd period - Brock Nelson wins face-off versus Jeff Carter in Edmonton Oilers zone.
17:24 of 3rd period - Erik Cernak is hit by Tanner Jeannot and loses puck.
17:52 of 3rd period - Icing by Morgan Barron.
17:53 of 3rd period - Ryan McLeod wins face-off versus Brock Nelson in Edmonton Oilers zone.
18:08 of 3rd period - Slapshot by Ryan McLeod.
18:08 of 3rd period - Shot Misses the Net.
18:28 of 3rd period - Wrist shot by Brock Boeser.
18:28 of 3rd period - Stopped by Charlie Lindgren with a rebound.
18:30 of 3rd period - Slapshot by Jeff Carter.
18:30 of 3rd period - Shot Blocked by Frank Vatrano.
19:38 of 3rd period - Wrist shot by Brock Boeser.
19:38 of 3rd period - Stopped by Charlie Lindgren with a rebound.
Goals for this period are 1 for Edmonton Oilers vs 1 for Minnesota North Stars.
Shots for this period are 16 for Edmonton Oilers vs 12 for Minnesota North Stars.
Back to the Top